[Event "Late-Titled-Tuesday-Blitz-June-04-2024"]
[Site "Chess.com"]
[Date "2024.06.04"]
[Round "6"]
[White "jinxy2009"]
[Black "Quattroporte300"]
[Result "0-1"]
[WhiteElo "2269"]
[BlackElo "2451"]
[TimeControl "180+1"]
[EndTime "15:07:30 PDT"]
[Termination "Quattroporte300 won on time"]

1. c4 c5 2. Nf3 Nc6 3. g3 Nf6 4. Bg2 e6 5. O-O d5 6. cxd5 exd5 7. d4 cxd4 8. Nxd4 Bc5 9. Nxc6 bxc6 10. Nc3 O-O 11.
Bg5 h6 12. Bf4 Bf5 13. Rc1 Bd6 14. Bxd6 Qxd6 15. Na4 Ne4 16. e3 Rfd8 17. Qd4 h5 18. Nc5 Qe7 19. Nxe4 dxe4 20. Qc4 h4 21. Qc5 Qf6 22.
Qxc6 Qxb2 23. Bxe4 Bh3 24. Bg2 Rac8 25. Rb1 Qxb1 26.
Rxb1 Rxc6 27. Bxc6 Rd2 28. a4 g6 29. Bg2 Bf5 30. e4 Be6 31. gxh4 Ra2 32. Rb8+ Kg7 33. h3 Ra1+ 34. Kh2 Rxa4 35. Kg3 a5 36. Ra8 Ra3+ 37. f3 a4 38. Bf1 Ra2 39. Bb5 a3 40. f4 Ra1 41. f5 gxf5 42. exf5 Bxf5 43. Ra7 Be6 44. Kg2 a2 45. h5 Rc1 46. Bd7 Kf6 47. Bxe6 a1=Q 48. Rxa1 Rxa1 49. Bg4 Kg5 50. Kg3 Ra3+ 51. Bf3 f5 52. h4+ Kf6 53. Kf4 Ra4+ 54. Kg3 Rb4 55.
Kh3 Kg7 56. Kg3 Kf6 57. h6 Rb7 58. Kf4 Rb4+ 59. Ke3 Kg6 60. Kf2 Kxh6 61. Kg3 Kg6 62. h5+ Kg5 63. Kf2 Rb3 64. Kg2 Kf4 65. Be2 Rb2 66. Kf1 Ke3 67. Ba6 f4 68. Bc4 Rh2 69. Kg1 Rxh5 70. Bf1 Rc5 71. Kg2 f3+ 72. Kg1 Rc1 0-1

[Event "Late-Titled-Tuesday-Blitz-June-04-2024"]
[Site "Chess.com"]
[Date "2024.06.04"]
[Round "6"]
[White "jlf287"]
[Black "xasid81"]
[Result "1/2-1/2"]
[WhiteElo "2517"]
[BlackElo "2631"]
[TimeControl "180+1"]
[EndTime "15:07:31 PDT"]
[Termination "Game drawn - insufficient material"]

1. Nf3 d5 2. g3 Nf6 3. Bg2 c6 4. O-O h6 5. b3 Bf5 6. Bb2 Nbd7 7. d3 e6 8. Nbd2 Bh7 9. c4 Be7 10. Rc1 O-O 11. Qc2 Rc8 12. e4 dxe4 13. dxe4 Nc5 14.
Nd4 e5 15. Nf5 Bxf5 16. exf5 Nd3 17. Rcd1 Nxb2 18. Qxb2 Qa5 19. Rfe1 Bb4 20. Rxe5 Qc7 21. Nf3 Rcd8 22. Qe2 Rxd1+ 23. Qxd1 Rd8 24. Qe2 Qd6 25.
h3 Bc5 26. Qe1 Qd1 27. Qxd1 Rxd1+ 28. Re1 Rd3 29. Kf1 a5 30. Ke2 Rd8 31. Kf1 Kf8 32. Nh2 Rd2 33. Re2 Rd1+ 34. Re1 Rd3 35. Ng4 Nxg4 36.
hxg4 a4 37. Be4 Rc3 38. Rb1 a3 39.
b4 Rxc4 40. bxc5 Rxe4 41. Rb3 Rxg4 42. Rxa3 Rc4 43. Ra7 Rxc5 44. Rxb7 Rxf5 45. Rc7 Rc5 46. a4 g5 47. Kg2 Kg7 48. a5 Rxa5 49. Rxc6 h5 50.
Rb6 f6 51. Rc6 Kg6 52. Rc8 Rf5 53. Rg8+ Kf7 54. Ra8 Re5 55. Ra7+ Kg6 56. Ra8 Rd5 57. Ra7 Rd8 58. Rb7 Rf8 59. Ra7 Rf7 60. Ra8 Rg7 61.
Rb8 Rh7 62. Ra8 h4 63. gxh4 gxh4 64. Ra5 Rh5 65. Ra8 Kg5 66. Rg8+ Kf4 67. Ra8 h3+ 68.
Kg1 f5 69. Ra4+ Kf3 70. Ra3+ Ke2 71. Re3+ Kd2 72. Kh2 Rh8 73. Rf3 Rh5 74. Rxh3 Rxh3+ 75. Kxh3 Ke2 76. Kg3 f4+ 77. Kxf4 Kxf2 1/2-1/2

[Event "Late-Titled-Tuesday-Blitz-June-04-2024"]
[Site "Chess.com"]
[Date "2024.06.04"]
[Round "6"]
[White "Sacbutt"]
[Black "Chaubunagungamaug1"]
[Result "1-0"]
[WhiteElo "2342"]
[BlackElo "2460"]
[TimeControl "180+1"]
[EndTime "15:07:35 PDT"]
[Termination "Sacbutt won by checkmate"]

1. e4 c5 2. Nc3 e6 3. g3 d5 4.
exd5 exd5 5. d4 Nc6 6. Bb5 Nf6 7. Nf3 Bg4 8. Qe2+ Be7 9. dxc5 O-O 10. Bxc6 bxc6 11.
Be3 Ne4 12. h3 Bh5 13. g4 Nxc3 14. bxc3 Qa5 15. O-O Bg6 16. Ne5 Qxc3 17. Nxc6 Bxc5 18. Bxc5 Qxc5 19. Ne7+ Kh8 20. Nxg6+ fxg6 21. Rab1 Rae8 22. Qd3 Re4 23. Rb5 Qe7 24. Rxd5 Re1 25. Rd7 Rxf1+ 26. Kxf1 Qh4 27. Qe3 h6 28. Rxa7 Kh7 29. Kg2 Qf6 30. Re7 Qc6+ 31. Qe4 Qc5 32. Qe3 Qxc2 33. a3 Qc6+ 34. Qe4 Qd6 35. Qe5 Qc6+ 36. Qe4 Qc5 37. Qe3 Qd5+ 38. Qe4 Qd1 39. Qe3 Qd5+ 40. Kh2 Rf3 41.
Qe2 Rxf2+ 42. Qxf2 Qd6+ 43. Qg3 Qxe7 44. Qd3 Qe5+ 45.
Kg2 h5 46. gxh5 Qxh5 47. Qb3 Qe2+ 48. Kg3 Kh6 49. Qc3 g5 50. Qf3 Qe5+ 51. Kf2 Qb2+ 52. Kg3 Qe5+ 53. Kf2 Qh2+ 54. Ke3 Qg1+ 55. Ke4 Qb1+ 56.
Kd4 Qa1+ 57. Kc4 Qa2+ 58. Qb3 Qe2+ 59. Kb4 Qa6 60. a4 Qb6+ 61. Ka3 Qd6+ 62. Kb2 Qd2+ 63. Ka3 Qd6+ 64. Qb4 Qg3+ 65. Qb3 Qe5 66. Kb4 Qb8+ 67. Kc4 Qc8+ 68. Kd4 g4 69. Qe3+ g5 70. hxg4 Qxg4+ 71. Qe4 Qd1+ 72. Ke5 Kh5 73. Kf5 Qd7+ 74. Qe6 Qd3+ 75.
Qe4 Qh3+ 76. Kf6 Qg4 77. Qxg4+ Kxg4 78. a5 Kh4 79. a6 g4 80. a7 g3 81. a8=Q Kh3 82.
Qh1+ Kg4 83. Qg2 Kf4 84. Kg6 Kg4 85. Kf7 Kf4 86. Kf6 Kg4 87. Ke5 Kh4 88. Kf4 Kh5 89.
Qxg3 Kh6 90. Kf5 Kh7 91. Kf6 Kh8 92. Kf7 Kh7 93. Qg1 Kh8 94. Qh2# 1-0

[Event "Late-Titled-Tuesday-Blitz-June-04-2024"]
[Site "Chess.com"]
[Date "2024.06.04"]
[Round "6"]
[White "IMRosen"]
[Black "BerlinDrawer"]
[Result "1/2-1/2"]
[WhiteElo "2740"]
[BlackElo "2582"]
[TimeControl "180+1"]
[EndTime "15:07:37 PDT"]
[Termination "Game drawn - insufficient material"]

1. e4 c6 2. d4 Na6 3. c3 Nc7 4. Bd3 d5 5. exd5 cxd5 6. Bf4 Nf6 7. Nd2 g6 8. h4 Bg7 9. h5 Bg4 10. f3 Nxh5 11. Rxh5 Bxh5 12. g4 O-O 13. gxh5 e5 14. Bxe5 Qh4+ 15. Kf1 Bxe5 16. dxe5 Ne6 17. Qe1 Qxh5 18. Qg3 f6 19. Re1 Nc5 20. Bc2 Rae8 21. b4 fxe5 22. bxc5 e4 23. Bb3 Kh8 24. Kg2 e3 25. Nf1 Rf5 26. Rxe3 Ref8 27. Nh2 Qh6 28. Ng4 Qg7 29. Re5 h5 30. Rxf5 gxf5 31. Ne5 Qxg3+ 32. Kxg3 f4+ 33. Kh2 Kh7 34. Nh3 Re8 35. Nd3 Re3 36.
Ndxf4 Rxc3 37. Ne6 b6 38. Bxd5 bxc5 39. Be4+ Kg8 40.
Kg3 Ra3 41. Nxc5 Kg7 42. Bd5 Ra5 43. Bb3 Rxc5 44. Nf4 Ra5 45. Ne6+ Kf6 46. Nd4 Rc5 47. Ne2 a5 48. Nf4 Re5 49. Ng2 Rb5 50. Nh4 Rb4 51.
f4 a4 52. Bd5 Rb2 53. Nf3 a3 54.
Bc4 Rc2 55. Bg8 Rc3 56. Bd5 Rd3 57. Bc4 Rc3 58. Bg8 Kf5 59. Bh7+ Kf6 60. Kh4 Rxf3 61. Bg8 Rxf4+ 62. Kxh5 Rb4 63. Bd5 Rb2 64. Kg4 Ke5 65.
Bg8 Kd4 66. Kf3 Rd2 67. Bf7 Rd3+ 68. Ke2 Re3+ 69. Kd2 Rg3 70. Kc2 Kc5 71. Bg8 Kb4 72. Bf7 Rf3 73. Bg8 Rf2+ 74. Kd3 Rb2 75. Bf7 Rb1 76.
Bg8 Rc1 77. Kd2 Rc8 78. Bf7 Rd8+ 79. Kc2 Rd7 80. Be6 Re7 81. Bg8 Re2+ 82. Kd3 Rxa2 83. Bxa2 Ka4 84. Kc3 Ka5 85. Kb3 Kb6 86. Kxa3 1/2-1/2

[Event "Late-Titled-Tuesday-Blitz-June-04-2024"]
[Site "Chess.com"]
[Date "2024.06.04"]
[Round "6"]
[White "Mikhal867"]
[Black "IngOscarArdila"]
[Result "0-1"]
[WhiteElo "2487"]
[BlackElo "2290"]
[TimeControl "180+1"]
[EndTime "15:07:38 PDT"]
[Termination "IngOscarArdila won by checkmate"]

1. d4 Nf6 2. c4 e6 3. g3 Bb4+ 4. Bd2 Qe7 5. Bg2 O-O 6. Nf3 a5 7. O-O Bxd2 8. Nbxd2 d6 9. e4 e5 10. c5 exd4 11. cxd6 cxd6 12. Nxd4 Nc6 13. N2b3 Bg4 14. f3 Bd7 15. Re1 Qe5 16. f4 Qe7 17. Nb5 Ne8 18. a4 Nb4 19. e5 dxe5 20. Rxe5 Qd8 21. Bxb7 Qb6+ 22. Nc5 Rd8 23. Qf3 Bxb5 24. axb5 Nd3 25. Qc6 Qxc6 26. bxc6 Nxe5 27. fxe5 Nc7 28. Nd7 Rfe8 29.
Rxa5 f6 30. exf6 Kf7 31. Rf5 g6 32. Rf2 Re1+ 33. Kg2 Rde8 34. b4 R8e2 35. Kf3 Rxf2+ 36. Kxf2 Rb1 37. Nc5 Rxb4 38. Bc8 Kxf6 39. Nd7+ Ke7 40. Ne5 Kd6 41. Nd3 Rd4 42. Ke3 Ra4 43. Bd7 Nd5+ 44.
Kf3 Ra3 45. Ke4 Nf6+ 46. Kd4 Nxd7 47. cxd7 Kxd7 48. Ne5+ Ke6 49. Ng4 h5 50. Ne3 Ra2 51.
h4 Kf6 52. Ke4 Ra4+ 53. Kf3 Ra3 54. Ke4 Ra4+ 55. Kf3 Ke5 56. g4 Rf4+ 57. Kg3 Re4 58. Kf3 Ra4 59. gxh5 gxh5 60. Kg3 Ke4 61. Nc2 Rc4 62.
Ne1 Rc3+ 63. Kh2 Kf4 64. Ng2+ Kg4 65. Kg1 Rg3 66. Kf2 Ra3 67. Ne3+ Kxh4 68. Nf5+ Kg5 69. Nd6 Kf4 70. Nc4 Ra2+ 71. Kg1 h4 72. Nd6 Kg3 73. Nf5+ Kg4 74. Ne3+ Kf3 75. Nf5 h3 76. Kh1 Kg4 77. Ne3+ Kf4 78. Nd5+ Kg3 79. Ne3 Ra1+ 80. Nf1+ Rxf1# 0-1

[Event "Late-Titled-Tuesday-Blitz-June-04-2024"]
[Site "Chess.com"]
[Date "2024.06.04"]
[Round "6"]
[White "cthulhuuu"]
[Black "Nemsko"]
[Result "1-0"]
[WhiteElo "2439"]
[BlackElo "2340"]
[TimeControl "180+1"]
[EndTime "15:07:41 PDT"]
[Termination "cthulhuuu won by resignation"]

1. e4 e5 2. Nf3 Nc6 3. d3 Nf6 4.
g3 d5 5. exd5 Nxd5 6. Bg2 Be7 7.
O-O O-O 8. Re1 f6 9. Nc3 Nxc3 10. bxc3 Bf5 11. Rb1 Rb8 12. Nh4 Be6 13. d4 Bxa2 14. Ra1 Bd5 15. Nf5 Bxg2 16. Kxg2 Qd5+ 17. Qf3 Qxf3+ 18.
Kxf3 Bd6 19. d5 Ne7 20. Nxe7+ Bxe7 21. Rxa7 Bc5 22. Ra1 Rfd8 23. c4 Bd4 24. Rb1 b6 25. Bb2 Bxb2 26. Rxb2 Ra8 27. Reb1 Ra4 28. Rb4 Ra3+ 29.
R1b3 Ra2 30. Rb2 Ra3+ 31. R4b3 Ra4 32. Rc3 Kf7 33. c5 Rxd5 34. cxb6 cxb6 35. Rc7+ Kg6 36.
Rxb6 Ra3+ 37. Kg2 Rd2 38. Rbb7 Ra2 39. Rxg7+ Kf5 40. Rb3 e4 41. Rb5+ Ke6 42. Rb6+ Kf5 43. Rf7 Raxc2 44. Rfxf6+ Ke5 45. Rbe6+ Kd4 46. Rf4 Re2 47.
Rd6+ Ke5 48. Rd8 e3 49. Re8+ Kd5 50. Ref8 Kc5 51. Kg1 Rc1+ 52. Kg2 Rcc2 53. Kg1 Kb5 54. Kg2 Rcd2 55. R8f5+ Kc6 56. Rf3 exf2 57. Rxf2 Rxf2+ 58. Rxf2 Rd7 59. Rf6+ Kd5 60. Rf4 Ke5 61. h4 Rg7 62.
Kh3 Ke6 63. Rf3 Ke5 64. g4 Ke4 65. Rf6 Ke5 66. Rf8 Ke6 67. h5 Ke5 68. Kh4 Ke6 69.
g5 Ra7 70. Rf4 Ke5 71. Rb4 Rg7 72. h6 Rf7 73. Kh5 Rf1 74. g6 Rh1+ 75. Rh4 hxg6+ 76.
Kg5 Rg1+ 77. Rg4 Rh1 78. Kxg6 Ke6 79. h7 Ke5 80. Kg7 1-0

[Event "Late-Titled-Tuesday-Blitz-June-04-2024"]
[Site "Chess.com"]
[Date "2024.06.04"]
[Round "6"]
[White "Fore_Man"]
[Black "destroyer305"]
[Result "0-1"]
[WhiteElo "2229"]
[BlackElo "2445"]
[TimeControl "180+1"]
[EndTime "15:07:48 PDT"]
[Termination "destroyer305 won by resignation"]

1. Nf3 g6 2. g3 Bg7 3. Bg2 e5 4. d3 d5 5. c4 dxc4 6. Qa4+ Nd7 7. Qxc4 Ne7 8. O-O O-O 9. Nc3 h6 10. Qb3 Nc6 11. Be3 Nb6 12. Qc2 Be6 13. Nd2 Qd7 14. Nb3 Nd4 15. Bxd4 exd4 16. Nc5 Qe7 17. Nxe6 Qxe6 18. Ne4 c6 19. Nc5 Qe7 20. a4 Rfe8 21. a5 Nd5 22. Bf3 Rac8 23. Rfe1 Red8 24. Qc4 b6 25. axb6 axb6 26. Nb3 Nb4 27. Rac1 c5 28. Nd2 Qd7 29. Kg2 h5 30. h4 Re8 31. Ne4 Rcd8 32. Ng5 Qf5 33. Be4 Qd7 34. Bxg6 Re7 35. Be4 Bf6 36. Nf3 Rde8 37. Qb3 Rxe4 38. dxe4 Rxe4 39. Rcd1 Qc6 40. Qc4 Nd5 41. Qd3 Nb4 42. Qd2 Re6 43. Qf4 Re4 44. Qf5 Kg7 45. Kg1 Nc2 46. Rf1 Rxe2 47.
Ng5 Bxg5 48. Qxg5+ Qg6 49. Qf4 d3 50. Qf3 c4 51. b3 Nd4 52. Qd5 Nxb3 53. Qxc4 Nd2 54. Qd4+ Qf6 55. Qxf6+ Kxf6 56. Kg2 Nxf1 57. Kxf1 Rc2 58.
Rxd3 Rc6 59. Rb3 Ke6 60. Ke2 Kd6 61. Ke3 Kc5 62. f4 b5 63. Rc3+ Kb6 64. Rb3 Kc5 65.
Rc3+ Kb6 66. Rb3 Ka5 67. Ra3+ Kb4 68. Ra1 Rc3+ 69. Ke4 Rxg3 70. Kf5 Rg4 71. Ra7 Rxh4 72. Rxf7 Rh1 73. Rb7 Kc4 74. Kg5 h4 75. Kg4 h3 76.
Kg3 b4 77. f5 Rf1 78. Rc7+ Kb3 79. Kxh3 Rxf5 80. Kg4 Rf8 81. Rc5 Ka3 82. Ra5+ Kb2 83. Rb5 b3 84. Rb7 Kc2 85. Kg3 b2 86. Rc7+ Kd2 87.
Rd7+ Kc1 88. Rc7+ Kb1 89. Rb7 Rc8 90. Kf3 Kc2 0-1

[Event "Late-Titled-Tuesday-Blitz-June-04-2024"]
[Site "Chess.com"]
[Date "2024.06.04"]
[Round "6"]
[White "lamomiajunior"]
[Black "Oleg_Papayan"]
[Result "1/2-1/2"]
[WhiteElo "2720"]
[BlackElo "2577"]
[TimeControl "180+1"]
[EndTime "15:07:51 PDT"]
[Termination "Game drawn by repetition"]

1. e4 d5 2. exd5 Qxd5 3. Nc3 Qd8 4. d4 c6 5. Nf3 Bf5 6. Ne5 Nd7 7. Nxd7 Qxd7 8.
Bc4 e6 9. O-O Nf6 10. Be3 Be7 11. h3 O-O 12. Re1 Rfd8 13. Qe2 Nd5 14. Nxd5 cxd5 15. Bb3 a5 16. a4 Qc6 17. c3 Qb6 18.
Ba2 Qa6 19. Qd2 Rdc8 20. Bb1 Bxb1 21. Rexb1 Rc6 22. b4 axb4 23. cxb4 Rc4 24. Rb2 Qb6 25. b5 Raxa4 26. Rab1 Bf6 27. Rc2 h6 28. Rxc4 Rxc4 29. Qa2 Bxd4 30. Qa8+ Kh7 31. Bxd4 Rxd4 32. Qe8 Rf4 33.
Rf1 d4 34. Qd7 Rf5 35. Rb1 h5 36. f3 d3+ 37. Kh1 Rd5 38. Qxf7 d2 39. Rd1 Qe3 40. Kh2 Qe5+ 41. f4 Qe1 42. f5 Qe5+ 43. Kh1 Qxf5 44. Qxb7 Rxb5 45. Qd7 Rd5 46. Qa4 Qe5 47. Qc2+ g6 48.
Kg1 Qe1+ 49. Kh2 Qe5+ 50. Kg1 Qd4+ 51. Kh1 Kh6 52. Kh2 e5 53. Qb3 Qf4+ 54. Kh1 Qd4 55. Qf3 h4 56. Qf8+ Kh5 57. Qh8+ Kg5 58. Qf8 Qf4 59.
Qa3 e4 60. Qe7+ Kh5 61. Qh7+ Kg5 62. Qe7+ Qf6 63. Qb7 Rd4 64. Qb5+ Kh6 65. Qe2 g5 66.
Qe3 Qe5 67. Rxd2 Rxd2 68. Qxd2 Qa1+ 69. Kh2 Qe5+ 70. Kg1 e3 71. Qe2 Qa1+ 72. Kh2 Qe5+ 73. Kg1 Qf4 74. Kh1 Qf2 75. Qa6+ Kh5 76. Qe6 Qf1+ 77.
Kh2 Qf4+ 78. Kh1 Qf1+ 79. Kh2 e2 80. Qe8+ Kh6 81. Qe6+ Kg7 82. Qe7+ Kg6 83. Qe6+ Kh7 84. Qe7+ Kg8 85. Qe8+ Kg7 86. Qe7+ Kh6 87. Qe6+ Kh5 88.
Qg4+ Kg6 89. Qe6+ Kg7 90. Qe7+ 1/2-1/2

[Event "Late-Titled-Tuesday-Blitz-June-04-2024"]
[Site "Chess.com"]
[Date "2024.06.04"]
[Round "6"]
[White "Kirill_Klukin"]
[Black "Polish_fighter3000"]
[Result "1/2-1/2"]
[WhiteElo "2831"]
[BlackElo "3063"]
[TimeControl "180+1"]
[EndTime "15:07:55 PDT"]
[Termination "Game drawn - insufficient material"]

1. d4 d5 2. c4 e6 3. cxd5 exd5 4. Nc3 Nf6 5. Bg5 Bb4 6. Nf3 h6 7. Bd2 c5 8. e3 Nc6 9. Bb5 O-O 10. Bxc6 bxc6 11. dxc5 Bxc5 12. Rc1 Ba6 13. Ne2 Qb6 14. Bc3 Be7 15. O-O Ne4 16. Re1 Rac8 17. b3 Rfd8 18. Qd4 Nxc3 19. Nxc3 c5 20. Qg4 Qe6 21. Qa4 Bf6 22.
Ne2 Qb6 23. Ng3 g6 24. Qg4 Qe6 25. Qf4 Bg7 26. h4 Bb5 27. Red1 a5 28. Ne1 d4 29. e4 d3 30. Nf3 a4 31. h5 axb3 32. axb3 Re8 33.
hxg6 fxg6 34. Qe3 Qd6 35. Nd2 Qd4 36. Qxd4 Bxd4 37. Nc4 Rf8 38. Nh1 Bc6 39. Rxd3 Bxe4 40. Rd2 Rc6 41. Ng3 Bd5 42. Ne3 Bxb3 43. Ne2 Bxe3 44. fxe3 Ba4 45. Nf4 c4 46. Ra2 Bb3 47.
Rb2 Rf7 48. Rxb3 cxb3 49. Rxc6 Rb7 50. Rc1 Kf7 51. Rb1 g5 52. Nd3 h5 53. Kf2 Rb5 54.
Ke2 h4 55. Kd2 g4 56. Kc3 h3 57. gxh3 gxh3 58. Rh1 Rh5 59. Kxb3 h2 60. Nf4 Re5 61.
Ng2 Rh5 62. Kc3 Kf6 63. Kd3 Kf5 64. Ke2 Kg4 65. Kf2 Ra5 66. Rxh2 Ra2+ 67. Kf1 Kg3 68. Rh8 Rf2+ 69. Ke1 Ra2 70. Nf4 Kf3 71. Nd5 Rb2 72. Re8 Re2+ 73. Kd1 Rh2 74. Nc3 Rb2 75. Kc1 Rh2 76.
e4 Ke3 77. Rd8 Rg2 78. e5 Rg6 79. Rd6 Rg8 80. Nd5+ Ke4 81. e6 Ke5 82. Rd7 Kxe6 83. Rc7 Kxd5 84. Rc2 Ke6 85. Rd2 Kf7 86. Kd1 Kg7 87.
Re2 Rf8 88. Ke1 Rf6 89. Rg2+ Kf7 90. Re2 Rd6 91. Rf2+ Rf6 92. Rxf6+ Kxf6 1/2-1/2

[Event "Late-Titled-Tuesday-Blitz-June-04-2024"]
[Site "Chess.com"]
[Date "2024.06.04"]
[Round "6"]
[White "FuenfgegenWilly"]
[Black "arctic_t00"]
[Result "1/2-1/2"]
[WhiteElo "2510"]
[BlackElo "2628"]
[TimeControl "180+1"]
[EndTime "15:07:59 PDT"]
[Termination "Game drawn by repetition"]

1. e3 Nf6 2. b3 g6 3. Bb2 Bg7 4. Nf3 O-O 5. c4 d6 6. d4 a5 7. Be2 c6 8. O-O Nbd7 9. Nbd2 a4 10. bxa4 Nb6 11. a5 Rxa5 12. Nb3 Ra8 13. Nfd2 Na4 14. Qc1 Nxb2 15. Qxb2 Nd7 16. a4 e5 17. Rfd1 Re8 18.
Bf3 h5 19. a5 Ra6 20. Ra4 exd4 21. exd4 Nc5 22. Ra2 Qg5 23. Qc1 Nd3 24. Qa3 Nf4 25. Ne4 Qe7 26. Qxd6 Qxd6 27. Nxd6 Rd8 28. Nxc8 Rxc8 29.
Nc5 Ra7 30. g3 Nh3+ 31. Kg2 Ng5 32. a6 bxa6 33. Rxa6 Rxa6 34. Nxa6 Nxf3 35. Kxf3 Rd8 36. d5 cxd5 37. Rxd5 Rc8 38. c5 Ra8 39. Nc7 Ra3+ 40.
Kg2 Rc3 41. Na6 Kh7 42. Rd7 Kg8 43. Rd8+ Kh7 44. Rd6 Be5 45. Rd5 Bf6 46. Nb8 Rc2 47. Nd7 Be7 48. Kf3 Kg7 49. Ke3 h4 50. gxh4 Bxh4 51.
f3 Be7 52. h3 Rc1 53. Kf4 Rc4+ 54. Kg3 Rc3 55. Kf2 Rc2+ 56. Ke3 Rc3+ 57. Ke4 Rc1 58.
Kf4 Rc4+ 59. Kg3 Rc2 60. Re5 Bf6 61. Rd5 Bc3 62. h4 Bf6 63. Kg4 Be7 64. h5 Rc4+ 65. f4 gxh5+ 66. Rxh5 Rc1 67. Rf5 f6 68. Rd5 Kf7 69.
Kf5 Rc4 70. Nb8 Rc1 71. c6 Bc5 72. Rd7+ Be7 73. c7 Ke8 74. Rd5 Kf7 75. Na6 Rc6 76. Nb8 Rxc7 77. Nd7 Rc1 78. Nb6 Ra1 79. Nd7 Ra4 80.
Kg4 Rb4 81. Nc5 Rb5 82. Rh5 Rxc5 83. Rh7+ Ke6 84. f5+ Rxf5 85. Rxe7+ Kxe7 86. Kxf5 Kf7 87. Kf4 Ke6 88. Ke4 f5+ 89. Kf4 Kf6 90. Kf3 Ke5 91. Ke3 f4+ 92. Kf3 Kf5 93. Kf2 Ke4 94. Ke2 f3+ 95. Kf2 Kf4 96. Kf1 Ke3 97. Ke1 Kf4 98. Kf2 Ke4 99. Kf1 Ke3 100. Ke1 Kd3 101. Kf2 Ke4 102. Kf1 Ke3 1/2-1/2

[Event "Late-Titled-Tuesday-Blitz-June-04-2024"]
[Site "Chess.com"]
[Date "2024.06.04"]
[Round "6"]
[White "TigrVShlyape"]
[Black "rezamahdavi2008"]
[Result "0-1"]
[WhiteElo "2914"]
[BlackElo "2952"]
[TimeControl "180+1"]
[EndTime "15:08:16 PDT"]
[Termination "rezamahdavi2008 won on time"]

1. d4 Nf6 2. Bf4 e6 3. e3 b6 4.
Nf3 Bb7 5. Nbd2 Nh5 6. Bg5 Be7 7. Bxe7 Qxe7 8. a4 a5 9. Bb5 O-O 10. O-O f5 11. Re1 d6 12. c3 Nd7 13. e4 fxe4 14.
Nxe4 Nf4 15. Bf1 Nf6 16. Ned2 Ng4 17. g3 Ng6 18. h3 Nh6 19. Bg2 Rf6 20. Ng5 Bxg2 21.
Kxg2 Raf8 22. Re2 Nf7 23. Ngf3 Rf5 24. Qb3 Nd8 25. Rf1 Qf7 26. Nh2 Kh8 27. Kh1 Qd7 28. Qc4 e5 29. d5 Nf7 30. Ne4 Ng5 31. Nxg5 Rxg5 32. h4 Rgf5 33. b3 Ne7 34. Qe4 Qe8 35.
c4 Qg6 36. Qg4 Qf7 37. Kg2 Ng8 38. f3 g6 39. Qe4 Nf6 40. Qe3 Qg7 41. Ref2 Nh5 42.
Ng4 Qd7 43. Nh6 R5f6 44. Ng4 R6f7 45. Nh6 Rf6 46. Ng4 R6f7 47. Nh6 Re7 48. Ng4 Qf5 49.
Qe4 Kg7 50. Ne3 Qd7 51. Ng4 Ref7 52. Kh2 Nf6 53. Nxf6 Rxf6 54. Kg2 Qf5 55. Qxf5 Rxf5 56. Re2 h6 57. Re4 g5 58. h5 R5f6 59. Rf2 Kh7 60. Rf1 Rg8 61. g4 Rgf8 62. Rf2 Rf4 63. Kg3 Rxe4 64.
fxe4 Rf4 65. Re2 Kg7 66. Re3 Rf1 67. Kg2 Rb1 68. Kg3 Rb2 69. Kf3 Rc2 70. Kg3 Kf6 71. Rf3+ Ke7 72. Re3 Rd2 73. Kf3 Kd7 74. Kg3 c6 75.
Rf3 cxd5 76. exd5 Ke7 77. Re3 Rd1 78. Rf3 Re1 79. Kf2 Re4 80. Kg3 Rf4 81. Rxf4 gxf4+ 82. Kh4 Kf6 83. Kh3 Kg5 84. b4 axb4 85. c5 dxc5 86. d6 Kf6 87. g5+ Ke6 88. gxh6 b3 89.
h7 b2 90. h8=Q b1=Q 91. Qg8+ Kxd6 92. Qd8+ Ke6 93. Qg8+ Kd6 94. Qd8+ Kc6 95. Qa8+ Kc7 96. Qa7+ Kd6 97. Qb8+ Kd5 98. Qd8+ Ke4 0-1

[Event "Late-Titled-Tuesday-Blitz-June-04-2024"]
[Site "Chess.com"]
[Date "2024.06.04"]
[Round "7"]
[White "carloseduar100"]
[Black "scrambleyourbrain"]
[Result "0-1"]
[WhiteElo "2254"]
[BlackElo "2381"]
[TimeControl "180+1"]
[EndTime "15:10:17 PDT"]
[Termination "scrambleyourbrain won by resignation"]

1. g3 Nf6 2. Bg2 g6 3. Nf3 Bg7 4. O-O O-O 5. d4 d5 6. c3 c5 7. Nbd2 cxd4 8. cxd4 Nc6 9. Re1 Bf5 10. a3 Rc8 11. b4 a6 12. Nh4 Bg4 13. Qb3 Nxd4 14. Qd3 Nc2 15. Bb2 Nxe1 16. Rxe1 Be6 17. Nhf3 Bf5 18.
Qb3 Bc2 19. Qe3 Ng4 20. Qa7 Bxb2 0-1

[Event "Late-Titled-Tuesday-Blitz-June-04-2024"]
[Site "Chess.com"]
[Date "2024.06.04"]
[Round "7"]
[White "Eduard_Limonov"]
[Black "Ramosha"]
[Result "1-0"]
[WhiteElo "2833"]
[BlackElo "2634"]
[TimeControl "180+1"]
[EndTime "15:10:51 PDT"]
[Termination "Eduard_Limonov won by resignation"]

1. e4 c6 2. Nc3 d5 3. d4 dxe4 4. Nxe4 Nf6 5. Nxf6+ exf6 6. Bd3 Bd6 7. Qh5 Qe7+ 8. Ne2 Nd7 9. O-O Nf8 10. Nf4 g6 11.
Qh6 Ne6 12. Re1 Bd7 13. d5 Bxf4 14. dxe6 Bxh6 15. exd7+ Kxd7 16. Rxe7+ Kxe7 17. Bxh6 Rhe8 18. Bd2 Kd7 19. Kf1 b6 20. a4 a5 21. Be3 Kc7 22.
Re1 Rad8 23. Bc4 Rd7 24. Bxb6+ 1-0

[Event "Late-Titled-Tuesday-Blitz-June-04-2024"]
[Site "Chess.com"]
[Date "2024.06.04"]
[Round "7"]
[White "Heydarli77"]
[Black "stolencandy13"]
[Result "0-1"]
[WhiteElo "2457"]
[BlackElo "2628"]
[TimeControl "180+1"]
[EndTime "15:11:12 PDT"]
[Termination "stolencandy13 won by resignation"]

1. d4 Nf6 2. c4 e5 3. dxe5 Ng4 4.
Nf3 Bc5 5. e3 Nc6 6. Be2 O-O 7. Nbd2 Re8 8. O-O a5 9. b3 Ngxe5 10.
Nxe5 Nxe5 11. Bb2 Ra6 12. Nf3 Nxf3+ 13. Bxf3 Rh6 14. g3 d6 15. Qd5 c6 16. Qd3 Qg5 17. Rad1 Bg4 18. e4 Qh5 0-1

[Event "Late-Titled-Tuesday-Blitz-June-04-2024"]
[Site "Chess.com"]
[Date "2024.06.04"]
[Round "7"]
[White "giovannibrandao7"]
[Black "arnoldpetra"]
[Result "0-1"]
[WhiteElo "2341"]
[BlackElo "2495"]
[TimeControl "180+1"]
[EndTime "15:11:14 PDT"]
[Termination "arnoldpetra won by resignation"]

1. e4 d6 2. d4 c6 3. Nc3 g6 4. Nf3 Bg7 5. Bd3 Bg4 6. Be3 Qb6 7.
Ne2 Bxf3 8. gxf3 Nd7 9. O-O Ngf6 10. Qd2 Qc7 11. c4 c5 12. d5 O-O 13. Nc3 Nh5 14. Be2 f5 15. Rae1 f4 0-1

[Event "Late-Titled-Tuesday-Blitz-June-04-2024"]
[Site "Chess.com"]
[Date "2024.06.04"]
[Round "7"]
[White "Laico"]
[Black "margarita_2703"]
[Result "1-0"]
[WhiteElo "2408"]
[BlackElo "2280"]
[TimeControl "180+1"]
[EndTime "15:11:18 PDT"]
[Termination "Laico won by resignation"]

1. e4 e5 2. Nc3 Nf6 3. f4 d5 4.
fxe5 Nxe4 5. Qf3 f5 6. d3 Bb4 7.
dxe4 fxe4 8. Qh5+ g6 9. Qg5 d4 10. Qxd8+ Kxd8 11. Bg5+ Ke8 12. O-O-O Bg4 13. Rxd4 Nc6 14.
Bb5 1-0

[Event "Late-Titled-Tuesday-Blitz-June-04-2024"]
[Site "Chess.com"]
[Date "2024.06.04"]
[Round "7"]
[White "baki83"]
[Black "HansOnTwitch"]
[Result "0-1"]
[WhiteElo "2921"]
[BlackElo "3140"]
[TimeControl "180+1"]
[EndTime "15:11:40 PDT"]
[Termination "HansOnTwitch won by resignation"]

1. e4 c6 2. d4 d5 3. e5 Bf5 4. h4 a6 5. g4 Bd7 6. c4 e6 7.
Nc3 c5 8. cxd5 exd5 9. Be3 cxd4 10. Bxd4 Nc6 11. Bg2 Nge7 12. h5 Nxd4 13. Qxd4 Nc6 14.
Qf4 d4 0-1

[Event "Late-Titled-Tuesday-Blitz-June-04-2024"]
[Site "Chess.com"]
[Date "2024.06.04"]
[Round "7"]
[White "RantomOpening"]
[Black "Bugcrusher"]
[Result "1-0"]
[WhiteElo "2563"]
[BlackElo "2430"]
[TimeControl "180+1"]
[EndTime "15:11:46 PDT"]
[Termination "RantomOpening won by checkmate"]

1. b3 b6 2. Bb2 Bb7 3. Nf3 e6 4. g3 Nf6 5. Bg2 c5 6. O-O Be7 7. d3 O-O 8. e3 Nc6 9. Qe2 d5 10.
Nbd2 Rc8 11. Rfe1 Re8 12. a3 Bf8 13. e4 a6 14. Rad1 b5 15. e5 Nd7 16. c4 bxc4 17. bxc4 Nb6 18. h4 Na4 19. Ba1 Qa5 20. Nb3 Qb6 21. Rb1 Qc7 22. Qc2 Rb8 23. h5 h6 24. g4 Ba8 25. g5 hxg5 26. Nxg5 Ne7 27. d4 dxc4 28. Qh7# 1-0

[Event "Late-Titled-Tuesday-Blitz-June-04-2024"]
[Site "Chess.com"]
[Date "2024.06.04"]
[Round "7"]
[White "GMthekingindian"]
[Black "Fore_Man"]
[Result "1-0"]
[WhiteElo "2360"]
[BlackElo "2224"]
[TimeControl "180+1"]
[EndTime "15:12:17 PDT"]
[Termination "GMthekingindian won by resignation"]

1. e4 Nc6 2. Nf3 d5 3. exd5 Qxd5 4. Nc3 Qa5 5. d4 Bg4 6. d5 O-O-O 7. Bd2 Nb4 8. Bc4 Nf6 9. a3 Qc5 10. axb4 Qxc4 11. Rxa7 Kb8 12. Qa1 Kc8 13. Ra8+ Kd7 14. Ne5+ 1-0

[Event "Late-Titled-Tuesday-Blitz-June-04-2024"]
[Site "Chess.com"]
[Date "2024.06.04"]
[Round "7"]
[White "MaiqMaster"]
[Black "Rutricks"]
[Result "0-1"]
[WhiteElo "2457"]
[BlackElo "2687"]
[TimeControl "180+1"]
[EndTime "15:12:33 PDT"]
[Termination "Rutricks won by resignation"]

1. e4 g6 2. d4 Bg7 3. Nc3 c6 4. Nf3 d5 5. e5 f6 6. exf6 Nxf6 7. Be2 Bg4 8. h3 Bxf3 9. Bxf3 O-O 10. Bf4 Ne4 11. Bh2 Nxc3 12. bxc3 Qa5 13. Qd2 e5 14. dxe5 Nd7 15. O-O Nxe5 16. Be2 Nc4 17. Bxc4 Bxc3 18. Qg5 Bxa1 19. Rxa1 Rf5 20. Qe7 dxc4 21. Qxb7 Re8 22. Qxc6 Re1+ 0-1